 Dungeon Crawl Stone Soup version 0.28.0-53-g5a82cb258f (webtiles) character file.

Game seed: 9781147678590347793

23 Peloso the Skirmisher (level 2, -7/27 HPs)
             Began as a Minotaur Fighter on July 27, 2022.
             Killed by divine providence
             ... invoked by an orc priest
              (12 damage)
             ... on level 1 of the Dungeon.
             The game lasted 00:01:13 (1084 turns).

Peloso the Skirmisher (Minotaur Fighter)            Turns: 1084, Time: 00:01:14

Health: -7/27      AC:  7    Str: 20    XL:     2   Next: 75%
Magic:  1/1        EV:  9    Int:  5    God:
Gold:   64         SH:  4    Dex:  9    Spells: 1/1 levels left

rFire   . . .      SeeInvis .   a - +0 long sword
rCold   . . .      Faith    .   c - +0 buckler
rNeg    . . .      Spirit   .   b - +0 scale mail
rPois   .          Reflect  .   (helmet restricted)
rElec   .          Harm     .   (no cloak)
rCorr   .          Rampage  .   (no gloves)
Will    .....                   (no boots)
Stlth   ..........              (no amulet)
HPRegen 0.09/turn               (no ring)
MPRegen 0.07/turn               (no ring)

@: no status effects
A: horns 2, retaliatory headbutt
a: no special abilities


You were on level 1 of the Dungeon.
You visited 1 branch of the dungeon, and saw 2 of its levels.

You collected 64 gold pieces.

Inventory:

Hand Weapons
 a - a +0 long sword (weapon)
Armour
 b - a +0 scale mail (worn)
 c - a +0 buckler (worn)
Scrolls
 f - a scroll of noise {unknown}
 g - a scroll of acquirement {unknown}
 j - a scroll of teleportation {unknown}
 k - a scroll of magic mapping {unknown}
Potions
 d - a potion of might
 e - a potion of brilliance {unknown}
 h - a potion of attraction {unknown}
 i - a potion of resistance {unknown}
 l - 2 potions of curing {unknown}


   Skills:
 + Level 4.0 Fighting
 + Level 2.8 Long Blades
 + Level 4.0 Armour
 + Level 4.0 Shields


You had one spell level left.
You didn't know any spells.
Your spell library was empty.

Dungeon Overview and Level Annotations

Branches:
Dungeon (2/15)

Altars:


Innate Abilities, Weirdness & Mutations

You have a pair of horns on your head.
You reflexively headbutt those who attack you in melee.


Message History

a +0 club; a goblin corpse The hobgoblin hits you.
You hit the hobgoblin but do no damage.
The hobgoblin hits you but does no damage.
The hobgoblin closely misses you. You furiously retaliate!
You headbutt the hobgoblin!
You kill the hobgoblin!
Your Shields skill increases to level 4!
You see here a hobgoblin corpse.
Done exploring.
Done exploring.
Done exploring.
Done exploring.
There is a stone staircase leading down here.
You climb downwards.
The orc shouts!
The orc priest shouts!
The orc shouts! x2; You hear a shout!
Found a faded altar of an unknown god.
Found an escape hatch in the ceiling.
Found a stone staircase leading up.
There is a stone staircase leading up here.
You block the bat's attack.
The orc priest calls down the wrath of Beogh upon you.
Beogh smites you! The orc hits you but does no damage. x2
You climb upwards.
There is a stone staircase leading down here.
You can't go up here!
The orc priest hits you but does no damage.
There is an open door here.
Unknown command.
The orc priest mumbles some strange prayers to Beogh against you.
Beogh smites you!
* * * LOW HITPOINT WARNING * * *
You closely miss the orc. The orc hits you with a +0 club.
* * * LOW HITPOINT WARNING * * *
You closely miss the orc. The orc hits you but does no damage.
You closely miss the orc. You block the orc's attack.
The orc hits you but does no damage.
You hit the orc but do no damage. Your headbutt misses the orc.
The orc priest invokes the aid of Beogh against you.
Beogh smites you!
You die...

####### #.....#
#########.....###############
#............................
#...........>................
#.........##o#......######'##
#.........##o#.####.........#
#.........##o#..............#
#.........##@######.........#
##########..................#
#.#########........#
#...................
#...#####......####.
#..#.......####....#
#...##....#......##.
###...#....<.#..#...
#......#####.#.#.##.


You could see an orc priest and 2 orcs.

Vanquished Creatures
  2 endoplasms (D:1)
  A giant cockroach (D:1)
  3 hobgoblins (D:1)
  4 jackals (D:1)
  2 kobolds (D:1)
  A quokka (D:1)
  2 ball pythons (D:1)
  A bat (D:1)
  2 goblins (D:1)
  3 rats (D:1)
21 creatures vanquished.

Notes
Turn   | Place    | Note
-------+----------+-------------------------------------------
     0 | D:1      | Peloso the Minotaur Fighter began the quest for the Orb.
     0 | D:1      | Reached XP level 1. HP: 19/19 MP: 0/0
   398 | D:1      | Reached XP level 2. HP: 27/27 MP: 1/1
  1074 | D:2      | Found a faded altar of an unknown god.
  1084 | D:1      | Killed from afar by an orc priest

Illustrated notes

Levels and vault maps discovered:
D:1:      ebering_trefoil_3fold, layout_basic
D:2:      layout_loops_corners, nicolae_ecumenical_pavilion,
          kennysheep_generic_room_15, uniq_natasha, uniq_sigmund, uniq_jessica

Skill      XL: |  1  2 |
---------------+-------+-----
Fighting       | 4 |  4.0
Armour         | 4 |  4.0
Shields        | 4 |  4.0
Long Blades    | |  2.8

Action                   || total
-------------------------++-------
Melee: Long sword        ||    40
       Headbutt          ||     6
Armor: Scale mail        ||    33
Dodge: Dodged            ||    32
Block: Buckler           ||    15
